[Event "Titled Tuesday Blitz February 21 Early 2023"]
[White "Balla, Tamas-Kristof"]
[Black "Dehtiarov, Roman"]
[WhiteFideId "1208497"]
[BlackFideId "14186640"]
[WhiteElo "2303"]
[BlackElo "2289"]
[Result "0-1"]
[Round "07"]
[TimeControl "180+2"]
[Date "2023.02.21"]
[WhiteClock "0:00:08"]
[BlackClock "0:02:03"]

1. e4 e5 2. Nf3 Nc6 3. d4 exd4 4. Nxd4 Nf6 5. Nxc6 bxc6 6. e5 Nd5 7. c4 Bb4+ 8. Bd2 Bxd2+ 9. Qxd2 Nb6 10. Be2 Qe7 11. O-O O-O 12. Qe3 d6 13. exd6 Qxe3 14. fxe3 cxd6 15. Nc3 Re8 16. Bf3 Bb7 17. c5 dxc5 18. Ne4 Re5 19. Rac1 c4 20. Nd6 Ba6 21. Nxf7 Kxf7 22. Bxc6+ Ke7 23. Bxa8 Nxa8 24. Rc3 Nb6 25. Rf4 Bb5 26. h3 Nd5 27. Rfxc4 Bxc4 28. Rxc4 Rxe3 29. Ra4 Re2 30. Rxa7+ Kf6 31. b3 Ne3 32. Ra6+ Kg5 33. Ra5+ Kf4 34. Ra4+ Kg3 35. Kh1 Re1# 0-1


[Site "https://www.chess.com"]

[Event "Titled Tuesday Blitz February 21 Early 2023"]
[White "Leiva, Gianmarco"]
[Black "Ramirez Allo, Eduardo"]
[WhiteFideId "3804399"]
[BlackFideId "2224178"]
[WhiteElo "2392"]
[BlackElo "2274"]
[Result "1-0"]
[Round "07"]
[TimeControl "180+2"]
[Date "2023.02.21"]
[WhiteClock "0:00:13"]
[BlackClock "0:00:12"]

1. e4 c5 2. Nf3 d6 3. Bb5+ Nd7 4. O-O a6 5. Bd3 Ngf6 6. c3 e6 7. Bc2 Be7 8. d4 O-O 9. Re1 b5 10. Nbd2 cxd4 11. cxd4 Bb7 12. Nf1 Rc8 13. Ng3 Qc7 14. Bd3 Rfd8 15. Bf4 Qb8 16. Qe2 Qa8 17. Rad1 Nb6 18. h3 Nfd7 19. Ng5 h6 20. Nxf7 Kxf7 21. Qh5+ g6 22. Qf3 Kg7 23. Qg4 Nf8 24. e5 Nbd7 25. Re3 dxe5 26. Nh5+ Kh7 27. dxe5 Nc5 28. Nf6+ Bxf6 29. exf6 Nxd3 30. Rdxd3 Rxd3 31. Rxd3 Be4 32. Qh4 h5 33. Qg5 Kg8 34. Rg3 Qd5 35. f7+ Kxf7 36. Be5 Nh7 37. Qf4+ Bf5 38. Bc3 Rc4 39. Qh6 Nf6 40. Qh8 e5 41. Re3 Be4 42. f4 Qd1+ 43. Kh2 Qd6 44. Bxe5 Qc6 45. b3 Rc1 46. Qxf6+ Qxf6 47. Bxf6 Kxf6 48. Rxe4 Kf5 49. Rd4 Rc2 50. a4 bxa4 51. bxa4 Ra2 52. Kg3 Ra3+ 53. Kh4 Ra2 54. g3 Kf6 55. Rd6+ Kf5 56. Rxa6 Ra3 57. Ra5+ Kf6 58. g4 hxg4 59. hxg4 Ra1 60. Ra6+ Kf7 61. Kg5 Rb1 62. Ra7+ Ke6 63. Kxg6 Rg1 64. f5+ Ke5 65. g5 Rf1 66. Ra5+ Kd6 67. f6 Ra1 68. f7 Rf1 69. Rf5 Rxf5 70. Kxf5 Ke7 71. Kg6 Kf8 72. a5 Ke7 73. Kg7 Ke6 74. f8=Q Kd5 75. a6 Kc6 76. a7 Kb5 77. a8=Q Kc4 78. Qad8 Kb3 79. Kh8 Ka4 80. g6 Kb5 81. g7 Kc6 82. g8=Q Kb7 83. Qb4+ Ka6 84. Qe6+ Ka7 85. Qed7+ Ka6 86. Qa8# 1-0


[Site "https://www.chess.com"]

[Event "Titled Tuesday Blitz February 21 Early 2023"]
[White "Costachi, Mihnea"]
[Black "Degenbaev, Aziz"]
[WhiteFideId "1217518"]
[BlackFideId "13802640"]
[WhiteElo "2476"]
[BlackElo "2203"]
[Result "0-1"]
[Round "07"]
[TimeControl "180+2"]
[Date "2023.02.21"]
[WhiteClock "0:00:52"]
[BlackClock "0:00:50"]

1. Nc3 d5 2. d4 Nf6 3. Bf4 g6 4. e3 Bg7 5. Nf3 O-O 6. h3 c5 7. dxc5 Nbd7 8. b4 Ne4 9. Nxe4 dxe4 10. Nd2 a5 11. Rb1 axb4 12. Nxe4 Qa5 13. Bd3 b3+ 14. c3 bxa2 15. Ra1 Nxc5 16. O-O Nxe4 17. Bxe4 Qxc3 18. Qe2 Be6 19. h4 Qxa1 20. Rxa1 Bxa1 21. h5 Bf6 22. hxg6 a1=Q+ 23. Kh2 hxg6 24. Qf3 Be5 25. Qg3 Bxf4 26. exf4 Qh8+ 27. Kg1 Ra1+ 28. Bb1 Rxb1# 0-1


[Site "https://www.chess.com"]

[Event "Titled Tuesday Blitz February 21 Early 2023"]
[White "Korchmar, Vasiliy"]
[Black "Rottenwohrer Suarez, Juan"]
[WhiteFideId "24131750"]
[BlackFideId "32068182"]
[WhiteElo "2438"]
[BlackElo "2265"]
[Result "1/2-1/2"]
[Round "07"]
[TimeControl "180+2"]
[Date "2023.02.21"]
[WhiteClock "0:00:15"]
[BlackClock "0:00:48"]

1. e4 c5 2. Nf3 g6 3. d4 cxd4 4. Nxd4 Nc6 5. c4 Nf6 6. Nc3 d6 7. f3 Bg7 8. Be3 O-O 9. Qd2 Nh5 10. Be2 Bd7 11. O-O Nf4 12. Nxc6 Nxe2+ 13. Nxe2 bxc6 14. c5 Rb8 15. Bd4 Bxd4+ 16. Qxd4 dxc5 17. Qc3 Qb6 18. Rfd1 Qxb2 19. Qxb2 Rxb2 20. Nf4 Be6 21. a4 Rfb8 22. Nd3 Rc2 23. Rdc1 Rxc1+ 24. Rxc1 c4 25. Nc5 Rb4 26. a5 Rb5 27. Nxe6 fxe6 28. Rxc4 Rxa5 29. Rxc6 Kf7 30. h4 Ra2 31. Kh2 a5 32. e5 a4 33. Ra6 a3 34. f4 Rf2 35. Kg3 Ra2 36. Kf3 h5 37. Ra8 Ra1 38. Kf2 Ra2+ 39. Kg3 Ra1 40. Kh2 Ra2 41. Kh3 Ra1 42. Kh2 Ra2 43. Kh3 Ra1 44. Kh2 1/2-1/2


[Site "https://www.chess.com"]

[Event "Titled Tuesday Blitz February 21 Early 2023"]
[White "Martic, Ivan"]
[Black "Liyanage, Ranindu Dilshan"]
[WhiteFideId "929301"]
[BlackFideId "9915834"]
[WhiteElo "2301"]
[BlackElo "2342"]
[Result "0-1"]
[Round "07"]
[TimeControl "180+2"]
[Date "2023.02.21"]
[WhiteClock "0:00:26"]
[BlackClock "0:00:04"]

1. e4 e5 2. Nf3 Nc6 3. d3 Nf6 4. c3 d5 5. Nbd2 a5 6. Be2 Bc5 7. O-O O-O 8. b3 h6 9. a3 Be6 10. Bb2 d4 11. Qc2 Ba7 12. Rac1 Qe7 13. cxd4 exd4 14. Nc4 Nd7 15. g3 Rad8 16. Nh4 Nc5 17. Kh1 Bh3 18. Rfe1 Rfe8 19. Bf1 Bg4 20. f3 Be6 21. f4 f5 22. e5 g5 23. Nf3 Bd5 24. Bg2 Ne6 25. Qd2 Kh7 26. Nxa5 Nxa5 27. Qxa5 Bb6 28. Qd2 gxf4 29. gxf4 Rg8 30. Rg1 Rg4 31. Rcf1 Rdg8 32. Qf2 Nxf4 33. Ne1 Nxg2 34. Qxf5+ R8g6 35. Nf3 Ne3 36. Qf4 Rxf4 0-1


[Site "https://www.chess.com"]

[Event "Titled Tuesday Blitz February 21 Early 2023"]
[White "Hasangatin, Ramil"]
[Black "Abdilkhair, Abilmansur"]
[WhiteFideId "4122160"]
[BlackFideId "13716417"]
[WhiteElo "2457"]
[BlackElo "2268"]
[Result "1-0"]
[Round "07"]
[TimeControl "180+2"]
[Date "2023.02.21"]
[WhiteClock "0:00:38"]
[BlackClock "0:00:03"]

1. e4 e5 2. Nf3 Nc6 3. Bb5 a6 4. Ba4 Nf6 5. Bxc6 dxc6 6. d3 Bd6 7. Bg5 h6 8. Bh4 Be6 9. Nbd2 g5 10. Bg3 Nd7 11. Nc4 Qe7 12. Nfxe5 Bxe5 13. Nxe5 Qb4+ 14. Ke2 O-O-O 15. Nxd7 Rxd7 16. Be5 Re8 17. Bc3 Qd6 18. f3 f5 19. e5 Bd5 20. Qg1 Kb8 21. Re1 g4 22. b3 Qg6 23. Qf2 b6 24. Kd2 Qh5 25. f4 c5 26. Kc1 Be6 27. Kb2 Qf7 28. h3 h5 29. hxg4 hxg4 30. Rh6 a5 31. a4 Ka7 32. Reh1 Rg8 33. Qh4 Rg6 34. Rxg6 Qxg6 35. Qf6 Qe8 36. Rh6 Bd5 37. Rh8 Qe6 38. Qf8 Bxg2 39. Qb8+ Ka6 40. Bxa5 1-0


[Site "https://www.chess.com"]

[Event "Titled Tuesday Blitz February 21 Early 2023"]
[White "Krzywda, Andrzej"]
[Black "Csonka, Balazs"]
[WhiteFideId "1114565"]
[BlackFideId "742910"]
[WhiteElo "2223"]
[BlackElo "2496"]
[Result "0-1"]
[Round "07"]
[TimeControl "180+2"]
[Date "2023.02.21"]
[WhiteClock "0:00:04"]
[BlackClock "0:00:03"]

1. d4 d5 2. Bf4 h5 3. h3 c5 4. c3 cxd4 5. cxd4 Nc6 6. Nc3 Nf6 7. e3 Bf5 8. Rc1 Rc8 9. Nf3 e6 10. Bd3 Bxd3 11. Qxd3 Bb4 12. O-O Bxc3 13. Rxc3 Ne4 14. Rcc1 g5 15. Be5 f6 16. Bh2 Qa5 17. a3 Qa6 18. Qc2 Kf7 19. Qb3 g4 20. Nh4 Nd2 21. Qc2 Ne4 22. Qd1 gxh3 23. gxh3 Rcg8+ 24. Kh1 f5 25. Be5 Rh7 26. Rc2 Qa5 27. Rg1 Qd8 28. Rxg8 Qxg8 29. Qg1 Qxg1+ 30. Kxg1 Ke8 31. f3 Ng5 32. Kg2 Nf7 33. Bf4 Kd7 34. b4 a6 35. Kh2 Nfd8 36. Rg2 Nf7 37. Rg6 Nd6 38. Rg8 Nc4 39. a4 Nxb4 40. Ng6 Kc6 41. Nf8 Re7 42. Ng6 Rd7 43. Rc8+ Kb6 44. Nf8 Rf7 45. Nxe6 Ka5 46. Nc5 b6 47. Nb7+ Kxa4 48. Ra8 Rxb7 49. Kg3 b5 50. Kh4 Nd3 51. Bg3 b4 52. Kxh5 a5 53. Kg6 b3 54. Be1 b2 55. h4 b1=Q 56. h5 Nxe1 57. h6 f4+ 58. Kf6 Qh7 59. Rh8 Qxh8+ 60. Kg5 Qg8+ 61. Kxf4 Rf7# 0-1


[Site "https://www.chess.com"]

[Event "Titled Tuesday Blitz February 21 Early 2023"]
[White "Shuvalova, Polina"]
[Black "Corredor Castellanos, Camilo"]
[WhiteFideId "24171760"]
[BlackFideId "4425871"]
[WhiteElo "2484"]
[BlackElo "1957"]
[Result "1-0"]
[Round "07"]
[TimeControl "180+2"]
[Date "2023.02.21"]
[WhiteClock "0:00:08"]
[BlackClock "0:00:24"]

1. d4 Nf6 2. c4 g6 3. Nc3 Bg7 4. e4 O-O 5. Be2 d6 6. Nf3 e5 7. d5 Nbd7 8. Qc2 Nh5 9. g3 a5 10. Bg5 f6 11. Be3 Nc5 12. Nd2 f5 13. Bxh5 gxh5 14. O-O-O f4 15. Bxc5 dxc5 16. a4 fxg3 17. fxg3 Bg4 18. Rdf1 Qg5 19. Qd3 Bh6 20. Kc2 Bh3 21. Rxf8+ Rxf8 22. Nd1 Rf6 23. Re1 Kg7 24. b3 Kf8 25. Re3 Bg4 26. Re1 h4 27. gxh4 Qxh4 28. Rg1 Ke7 29. Qg3 Bxd1+ 30. Kxd1 Qxg3 31. Rxg3 Rf2 32. Nf3 Kf6 33. Rh3 Kg7 34. Nxe5 Bf4 35. Nd3 Rd2+ 36. Ke1 Bg5 37. Rg3 Kh6 38. e5 Rxh2 39. Rf3 Rh4 40. e6 Re4+ 41. Kd1 Kg6 42. Nf2 Re3 43. Rxe3 Bxe3 44. Ne4 h5 45. Ke2 h4 46. Kxe3 h3 47. Nf2 h2 48. Kf3 Kf6 49. Kg2 b5 50. axb5 a4 51. bxa4 Ke7 52. Kxh2 Kd6 53. Kg3 Ke7 54. Kf3 Kd6 55. Ke3 Ke7 56. Ne4 1-0


[Site "https://www.chess.com"]

[Event "Titled Tuesday Blitz February 21 Early 2023"]
[White "Narayanan, Srinath"]
[Black "Toktomushev, Teimur"]
[WhiteFideId "5018420"]
[BlackFideId "14176726"]
[WhiteElo "2559"]
[BlackElo "2239"]
[Result "1-0"]
[Round "07"]
[TimeControl "180+2"]
[Date "2023.02.21"]
[WhiteClock "0:00:19"]
[BlackClock "0:00:04"]

1. d4 d5 2. Nf3 Nf6 3. Bf4 c5 4. e3 Nc6 5. Nbd2 Bf5 6. Bb5 e6 7. c3 Nd7 8. O-O Be7 9. Re1 O-O 10. Bxc6 bxc6 11. e4 dxe4 12. Nxe4 Qb6 13. Qd2 Rad8 14. Bd6 Rfe8 15. Bxe7 Rxe7 16. Nd6 Bg6 17. Rad1 Nf6 18. dxc5 Qxc5 19. b4 Qb6 20. Qg5 Red7 21. Nc4 Qa6 22. Rxd7 Rxd7 23. Na5 Qd3 24. Qe5 Ne4 25. Nxc6 Qxc3 26. Qb8+ 1-0


[Site "https://www.chess.com"]

[Event "Titled Tuesday Blitz February 21 Early 2023"]
[White "Anuj, Shrivatri"]
[Black "Sharapov, Evgeny"]
[WhiteFideId "35070924"]
[BlackFideId "14103133"]
[WhiteElo "2407"]
[BlackElo "2375"]
[Result "1-0"]
[Round "07"]
[TimeControl "180+2"]
[Date "2023.02.21"]
[WhiteClock "0:02:40"]
[BlackClock "0:02:15"]

1. Nf3 c5 2. c4 Nc6 3. g3 e5 4. Bg2 g6 5. O-O Bg7 6. Nc3 d6 7. a3 a5 8. d3 Nge7 9. Bg5 O-O 10. Ne1 f6 11. Be3 Be6 12. Rb1 Rb8 13. Nc2 b6 14. b4 axb4 15. axb4 cxb4 16. Nxb4 Nxb4 17. Rxb4 d5 18. cxd5 Nxd5 19. Nxd5 Bxd5 20. Bxd5+ Qxd5 21. Qb3 Qxb3 22. Rxb3 Rfc8 23. Rfb1 Rc2 24. Kf1 Rc6 25. Bxb6 Bh6 26. Kg2 Rc2 27. Kf3 f5 28. Be3 Rxb3 29. Rxb3 e4+ 30. dxe4 fxe4+ 31. Kxe4 Rxe2 32. Kf3 1-0


[Site "https://www.chess.com"]

[Event "Titled Tuesday Blitz February 21 Early 2023"]
[White "Wadsworth, Matthew J"]
[Black "Ivic, Velimir"]
[WhiteFideId "415804"]
[BlackFideId "950122"]
[WhiteElo "2428"]
[BlackElo "2595"]
[Result "0-1"]
[Round "07"]
[TimeControl "180+2"]
[Date "2023.02.21"]
[WhiteClock "0:00:03"]
[BlackClock "0:00:37"]

1. Nf3 Nf6 2. g3 g6 3. Bg2 Bg7 4. O-O O-O 5. c4 d6 6. Nc3 c6 7. d3 e5 8. Rb1 a5 9. a3 Re8 10. e4 Bg4 11. b4 axb4 12. axb4 Na6 13. h3 Bxf3 14. Bxf3 Nc7 15. Bg2 Ne6 16. Be3 Nd7 17. Ra1 Qe7 18. Qb3 h5 19. h4 Nf6 20. Bh3 Ng4 21. Bxg4 hxg4 22. Rxa8 Rxa8 23. Qd1 f5 24. f3 f4 25. Bf2 gxf3 26. Qxf3 Ra3 27. Ne2 fxg3 28. Bxg3 Ra2 29. Qg4 Nf8 30. h5 gxh5 31. Qxh5 Qe6 32. Rf2 Nh7 33. Bh4 Nf8 34. Rf5 Qg6+ 35. Qxg6 Nxg6 36. Nc1 Ra1 37. Bg5 Nf4 38. Bxf4 exf4 39. Rxf4 Rxc1+ 40. Kg2 Rb1 41. b5 cxb5 42. cxb5 Rxb5 43. Rf1 Rb3 44. Rd1 Kf7 45. d4 Re3 46. e5 dxe5 47. dxe5 Rxe5 48. Rb1 b5 49. Kf3 Bf8 50. Kf4 Bd6 51. Kf3 b4 52. Rd1 Ke6 53. Rb1 Kd5 0-1


[Site "https://www.chess.com"]

[Event "Titled Tuesday Blitz February 21 Early 2023"]
[White "Orlov, Georgi"]
[Black "Harsh Suresh"]
[WhiteFideId "2011271"]
[BlackFideId "45018464"]
[WhiteElo "2453"]
[BlackElo "2298"]
[Result "1-0"]
[Round "07"]
[TimeControl "180+2"]
[Date "2023.02.21"]
[WhiteClock "0:00:15"]
[BlackClock "0:00:16"]

1. e4 c5 2. Nf3 g6 3. c3 Bg7 4. d4 cxd4 5. cxd4 d5 6. exd5 Nf6 7. Bb5+ Nbd7 8. Nc3 O-O 9. O-O a6 10. Ba4 b5 11. Bb3 Nb6 12. Ne5 Bb7 13. Nc6 Qd7 14. Ne5 Qd6 15. Bf4 Nbxd5 16. Bg3 Nxc3 17. bxc3 Qb6 18. Re1 Bd5 19. Bxd5 Nxd5 20. Nd7 Qc6 21. Nxf8 Nxc3 22. Qd3 Rxf8 23. Rxe7 Rd8 24. Rae1 Bxd4 25. Qf3 Qxf3 26. gxf3 Nxa2 27. R1e4 Bf6 28. Re8+ Rxe8 29. Rxe8+ Kg7 30. Ra8 b4 31. Rxa6 b3 32. Rb6 b2 33. Kf1 Bc3 34. Bd6 Kh6 35. Ba3 Bd4 36. Rb3 Nc1 37. Rb5 Nd3 38. Ke2 Nf4+ 39. Kf1 Nd3 40. Bf8+ Bg7 41. Ba3 Bf6 42. Bf8+ Bg7 43. Bxg7+ Kxg7 44. Ke2 Nf4+ 45. Ke3 Ng2+ 46. Ke2 Nf4+ 47. Kd2 Nh3 48. Ke3 Ng5 49. Rxb2 Ne6 50. Ke4 Kf6 51. Rb6 h5 52. f4 h4 53. f3 h3 54. Rc6 Kg7 55. f5 gxf5+ 56. Ke5 f4 57. Rxe6 fxe6 58. Kxe6 Kg6 59. Ke5 Kg5 60. Ke4 Kg6 61. Kxf4 Kf6 62. Kg4 Ke5 63. Kxh3 Kf4 64. Kg2 Ke3 65. Kg3 Kd4 66. Kg4 Kd5 67. Kg5 Ke6 68. f4 Kf7 69. Kf5 Kg7 70. Ke6 Kg6 71. f5+ Kh5 72. f6 Kh4 73. f7 Kh3 74. f8=Q Kxh2 75. Qg7 Kh3 76. Kf5 Kh4 77. Qg4# 1-0


[Site "https://www.chess.com"]

[Event "Titled Tuesday Blitz February 21 Early 2023"]
[White "Real_OceanStorm"]
[Black "Kvaloy, Aksel Bu"]
[BlackFideId "1528815"]
[WhiteElo "2781"]
[BlackElo "2321"]
[Result "1-0"]
[Round "07"]
[TimeControl "180+2"]
[Date "2023.02.21"]
[WhiteClock "0:01:34"]
[BlackClock "0:01:07"]

1. e4 e5 2. Nf3 Nf6 3. Nc3 Nc6 4. Bc4 Nxe4 5. O-O Nf6 6. Re1 Bd6 7. d4 e4 8. d5 Na5 9. Nxe4 O-O 10. Nxd6 cxd6 11. Bd3 Nxd5 12. Bxh7+ Kxh7 13. Qxd5 g6 14. Ng5+ Kg8 15. Ne4 Nc6 16. Bh6 Re8 17. Nf6+ Qxf6 18. Rxe8+ Kh7 19. Bg5 Qxb2 20. Rae1 Kg7 21. Qxd6 Qb4 22. Bf6+ 1-0


[Site "https://www.chess.com"]

[Event "Titled Tuesday Blitz February 21 Early 2023"]
[White "Horvath, Dominik"]
[Black "Jeet, Jain"]
[WhiteFideId "1642561"]
[BlackFideId "5073022"]
[WhiteElo "2523"]
[BlackElo "2199"]
[Result "0-1"]
[Round "07"]
[TimeControl "180+2"]
[Date "2023.02.21"]
[WhiteClock "0:01:29"]
[BlackClock "0:00:15"]

1. e4 c6 2. Nf3 d5 3. exd5 cxd5 4. d4 Nf6 5. c3 Nc6 6. Ne5 e6 7. Bb5 Bd7 8. Nxd7 Qxd7 9. O-O h6 10. Nd2 Bd6 11. f4 O-O 12. Nf3 a6 13. Bd3 b5 14. Ne5 Qc7 15. Qf3 Ne7 16. g4 b4 17. g5 hxg5 18. fxg5 Bxe5 19. dxe5 Ne4 20. Bxe4 dxe4 21. Qxe4 bxc3 22. bxc3 Qxc3 23. Bf4 Rfd8 24. Rac1 Qd4+ 25. Qxd4 Rxd4 26. Bg3 Nf5 27. Rfd1 Nxg3 28. hxg3 Rg4 29. Kf2 Rxg5 30. Rc5 Rf5+ 31. Ke3 Rb8 32. Ra5 Rb2 33. g4 Rg5 34. Kf4 f6 35. Rd8+ Kh7 36. Rxa6 Rxe5 37. Ra7 Rb4+ 38. Kf3 Rg5 39. a4 Rbxg4 40. a5 Rg3+ 41. Kf2 Ra3 42. a6 Rga5 43. Rd6 e5 44. Ra8 Rb5 45. Rd2 Rba5 46. Rd6 Kg6 47. a7 Rxa7 48. Rad8 Ra2+ 49. Kg3 R7a3+ 50. Kg4 Rg2+ 51. Kh4 Kf5 52. Rd3 g5+ 53. Kh5 Rxd3 54. Rxd3 Rh2+ 0-1


[Site "https://www.chess.com"]

[Event "Titled Tuesday Blitz February 21 Early 2023"]
[White "Matinian, Nikita"]
[Black "Manukyan, Sargis A."]
[WhiteFideId "24129100"]
[BlackFideId "13303970"]
[WhiteElo "2407"]
[BlackElo "2158"]
[Result "0-1"]
[Round "07"]
[TimeControl "180+2"]
[Date "2023.02.21"]
[WhiteClock "0:00:04"]
[BlackClock "0:01:08"]

1. e4 c5 2. Nf3 d6 3. d4 cxd4 4. Nxd4 Nf6 5. Nc3 g6 6. Be3 Bg7 7. f3 O-O 8. Qd2 Nc6 9. O-O-O d5 10. exd5 Nxd5 11. Nxc6 bxc6 12. Bd4 e5 13. Bc5 Be6 14. h4 h6 15. Ne4 Re8 16. Kb1 Qc7 17. g4 Red8 18. g5 Nc3+ 19. Nxc3 Rxd2 20. Rxd2 hxg5 21. hxg5 e4 22. Nxe4 Qe5 23. Bd4 Qa5 24. b3 Bxd4 25. Rxd4 Qe1+ 26. Kb2 Kg7 27. Bg2 Qe3 28. Rd3 Qf4 29. Bh3 Bd5 30. Nf6 Bxf3 31. Rf1 Qe5+ 32. Kb1 Be2 33. Nd7 Qxg5 0-1


[Site "https://www.chess.com"]

[Event "Titled Tuesday Blitz February 21 Early 2023"]
[White "Cherniaiev, Tykhon"]
[Black "Budisavljevic, Luka"]
[WhiteFideId "14182360"]
[BlackFideId "960047"]
[WhiteElo "2330"]
[BlackElo "2488"]
[Result "1-0"]
[Round "07"]
[TimeControl "180+2"]
[Date "2023.02.21"]
[WhiteClock "0:00:56"]
[BlackClock "0:01:22"]

1. Nf3 g6 2. g3 Bg7 3. Bg2 Nf6 4. O-O O-O 5. d4 d6 6. c4 Nbd7 7. Nc3 c6 8. Bf4 Qe8 9. Qd2 e5 10. dxe5 dxe5 11. Bh6 e4 12. Nd4 Qe5 13. Bf4 Qe7 14. Nb3 Rd8 15. Rad1 Re8 16. Qc2 Qe6 17. c5 a5 18. Rd4 a4 19. Nxa4 Nd5 20. Rxe4 1-0


[Site "https://www.chess.com"]

[Event "Titled Tuesday Blitz February 21 Early 2023"]
[White "Aggelis, Nikolaos"]
[Black "Starozhilov, Leonid"]
[WhiteFideId "4213220"]
[BlackFideId "14106752"]
[WhiteElo "2270"]
[BlackElo "2313"]
[Result "0-1"]
[Round "07"]
[TimeControl "180+2"]
[Date "2023.02.21"]
[WhiteClock "0:01:18"]
[BlackClock "0:01:40"]

1. d4 Nf6 2. g3 g6 3. Bg2 Bg7 4. Nf3 O-O 5. O-O d6 6. b3 a5 7. a4 Nc6 8. Bb2 Bf5 9. Nbd2 Nb4 10. c3 Nc6 11. Re1 e5 12. e4 Bd7 13. h3 Re8 14. Qc2 exd4 15. cxd4 Nb4 16. Qc3 c5 17. dxc5 Nh5 18. e5 dxe5 0-1


[Site "https://www.chess.com"]

[Event "Titled Tuesday Blitz February 21 Early 2023"]
[White "Sokolovsky, Yahli"]
[Black "Karttunen, Mika"]
[WhiteFideId "2820242"]
[BlackFideId "502081"]
[WhiteElo "2461"]
[BlackElo "2490"]
[Result "0-1"]
[Round "07"]
[TimeControl "180+2"]
[Date "2023.02.21"]
[WhiteClock "0:00:04"]
[BlackClock "0:00:06"]

1. b3 d5 2. Bb2 Nf6 3. e3 e6 4. Nf3 Be7 5. d4 O-O 6. Bd3 b6 7. O-O Ba6 8. Bxa6 Nxa6 9. Ne5 Nb8 10. Nd2 c5 11. f4 cxd4 12. exd4 Qc7 13. Rf3 Nbd7 14. Rc3 Qb7 15. Rg3 Rac8 16. c3 g6 17. Rh3 Nxe5 18. fxe5 Ne4 19. Nxe4 dxe4 20. Qe2 f5 21. exf6 Rxf6 22. Re3 Rcf8 23. Re1 Bd6 24. Rxe4 Rf2 25. Qxf2 Bxh2+ 26. Kf1 Rxf2+ 27. Kxf2 Qf7+ 28. Ke2 Qf5 29. Kd1 Bg3 30. R1e2 h5 31. Kc2 h4 32. b4 g5 33. Kb3 g4 34. Rxe6 h3 35. gxh3 gxh3 36. Re8+ Kf7 37. R2e7+ Kg6 38. Rg8+ Kh5 39. Rxg3 h2 40. Re5 Qxe5 41. dxe5 h1=Q 42. Re3 Qd5+ 43. Kc2 Qe6 44. a4 Kg4 45. Bc1 Kf5 46. Kb2 a6 47. Ka3 b5 48. axb5 axb5 49. Kb2 Kg4 50. Bd2 Kf4 51. Rd3+ Ke4 52. Re3+ Kd5 53. Bc1 Kc4 54. Re4+ Kd3 55. Rd4+ Ke2 56. Bf4 Qf5 57. Bc1 Qxe5 58. Rd2+ Ke1 59. Rd4 Qe2+ 60. Bd2+ Kd1 61. Kb3 Qe6+ 62. Ka3 Kc2 63. c4 Qa6# 0-1


[Site "https://www.chess.com"]

[Event "Titled Tuesday Blitz February 21 Early 2023"]
[White "Papasimakopoulos, Alexandros"]
[Black "Ilkhomi, Jaloliddin"]
[WhiteFideId "4244125"]
[BlackFideId "14700948"]
[WhiteElo "2401"]
[BlackElo "1997"]
[Result "1-0"]
[Round "07"]
[TimeControl "180+2"]
[Date "2023.02.21"]
[WhiteClock "0:01:35"]
[BlackClock "0:00:31"]

1. d4 Nf6 2. c4 e6 3. Nc3 Bb4 4. Qc2 O-O 5. a3 Bxc3+ 6. Qxc3 b6 7. Bg5 Bb7 8. f3 d6 9. e4 h6 10. Be3 Nc6 11. Bd3 e5 12. d5 Ne7 13. Ne2 Ng6 14. O-O Qe7 15. b4 a5 16. c5 axb4 17. axb4 bxc5 18. bxc5 Rxa1 19. Rxa1 Ra8 20. Rxa8+ Bxa8 21. c6 Nh5 22. g3 Nf6 23. Qa5 Qd8 24. Qa7 Ne7 25. Nc3 Ne8 26. Ba6 Nxc6 27. dxc6 Bxc6 28. Bc4 Nf6 29. Nb5 Bxb5 30. Bxb5 d5 31. Bc6 dxe4 32. Qa8 Qxa8 33. Bxa8 exf3 34. Bxf3 Kf8 35. Bc5+ Ke8 36. Bc6+ Kd8 37. Kf2 g6 38. Kf3 Nd7 39. Bb4 f5 40. Bd5 c5 41. Bd2 Nf6 42. Bf7 g5 43. Bg6 f4 44. gxf4 gxf4 45. Bc3 e4+ 46. Bxe4 Ke7 47. Kxf4 Ke6 48. Bf3 Kf7 49. Kf5 Ng8 50. Bd5+ Kf8 51. Bxg8 Kxg8 52. Kg6 c4 53. Kxh6 Kf7 54. Kg5 Ke6 55. h4 Kf7 56. h5 Kg8 57. Kg6 Kf8 58. h6 Ke7 59. h7 Ke6 60. h8=Q 1-0


[Site "https://www.chess.com"]

[Event "Titled Tuesday Blitz February 21 Early 2023"]
[White "Hristodoulou, Panagiotis"]
[Black "Vaibhav Jayant Raut"]
[WhiteFideId "4214340"]
[BlackFideId "5089034"]
[WhiteElo "2372"]
[BlackElo "2237"]
[Result "0-1"]
[Round "07"]
[TimeControl "180+2"]
[Date "2023.02.21"]
[WhiteClock "0:02:26"]
[BlackClock "0:01:59"]

1. e4 c5 2. Nf3 e6 3. d4 cxd4 4. Nxd4 a6 5. Bd3 Nf6 6. Nc3 Qc7 7. Qe2 d6 8. O-O Nbd7 9. f4 b5 10. a3 Bb7 11. Kh1 Be7 12. Bd2 h5 13. Rae1 h4 14. Nf3 Nh5 15. f5 e5 16. Nd5 Bxd5 17. exd5 Ndf6 18. c4 bxc4 19. Bxc4 Qb6 20. b4 Ng3+ 0-1


[Site "https://www.chess.com"]

[Event "Titled Tuesday Blitz February 21 Early 2023"]
[White "Jaskolka, Tomasz"]
[Black "Tan, Jun Ying"]
[WhiteFideId "1170791"]
[BlackFideId "5710413"]
[WhiteElo "2238"]
[BlackElo "2307"]
[Result "1-0"]
[Round "07"]
[TimeControl "180+2"]
[Date "2023.02.21"]
[WhiteClock "0:00:49"]
[BlackClock "0:01:34"]

1. d4 d5 2. c4 c6 3. Nf3 Nf6 4. g3 a6 5. c5 Bf5 6. Bg2 Nbd7 7. Nc3 h6 8. Qb3 Qc8 9. h4 e6 10. Bf4 Be7 11. O-O O-O 12. Ne5 Nxe5 13. Bxe5 Nd7 14. Bf4 e5 15. Bxe5 Nxe5 16. dxe5 Bxc5 17. Rac1 Be6 18. Na4 Ba7 19. Nb6 Bxb6 20. Qxb6 Qd7 21. e3 Rab8 22. b4 Qd8 23. Qc5 f6 24. exf6 Qxf6 25. e4 dxe4 26. Bxe4 Bxa2 27. Rcd1 Rbd8 28. Qb6 Qf7 29. Rxd8 1-0


[Site "https://www.chess.com"]

[Event "Titled Tuesday Blitz February 21 Early 2023"]
[White "Aldokhin, Ivan"]
[Black "Zacurdajev, Dmitry"]
[WhiteFideId "24115720"]
[BlackFideId "4196309"]
[WhiteElo "2413"]
[BlackElo "2273"]
[Result "1-0"]
[Round "07"]
[TimeControl "180+2"]
[Date "2023.02.21"]
[WhiteClock "0:00:21"]
[BlackClock "0:00:02"]

1. e4 c6 2. Nc3 d5 3. d4 dxe4 4. Nxe4 Nf6 5. Nxf6+ exf6 6. c3 Bd6 7. Bd3 Na6 8. Ne2 Nc7 9. Qc2 h5 10. Bd2 Be6 11. Nf4 Bxf4 12. Bxf4 Nd5 13. Bd2 b5 14. O-O h4 15. h3 Qd7 16. b3 Kf8 17. c4 bxc4 18. bxc4 Nb6 19. Bb4+ Kg8 20. Bc5 Rh5 21. f4 Rd8 22. f5 Bxc4 23. Bxc4 Nxc4 24. Qxc4 Rxf5 25. Rxf5 Qxf5 26. Bxa7 Qe4 27. Bc5 Ra8 28. a4 Rb8 29. a5 Rb2 30. Qf1 Qe3+ 31. Kh1 Rf2 32. Qg1 Qg3 33. a6 Rf3 34. a7 g5 35. a8=Q+ Kg7 36. Qf8+ Kg6 37. Qg8+ Kf5 38. Qh7+ Kf4 39. Bd6# 1-0


[Site "https://www.chess.com"]

[Event "Titled Tuesday Blitz February 21 Early 2023"]
[White "Skvortsov, Andrei"]
[Black "Ouakhir, Pierre Mehdi"]
[WhiteFideId "24108600"]
[BlackFideId "9000437"]
[WhiteElo "2313"]
[BlackElo "2212"]
[Result "1-0"]
[Round "07"]
[TimeControl "180+2"]
[Date "2023.02.21"]
[WhiteClock "0:00:13"]
[BlackClock "0:00:10"]

1. e4 e5 2. Nf3 Nc6 3. Bc4 Bc5 4. O-O Nf6 5. d3 a6 6. c3 Ba7 7. b4 d6 8. h3 Ne7 9. Qb3 O-O 10. Qd1 Ng6 11. a4 h6 12. a5 Be6 13. Na3 Qd7 14. Kh2 Nh7 15. Be3 f5 16. Bxa7 Rxa7 17. exf5 Rxf5 18. Bxe6+ Qxe6 19. Nc2 Ra8 20. Ne3 Rf7 21. Rb1 Raf8 22. Qb3 Qd7 23. Nd2 Kh8 24. Ne4 Nf4 25. d4 Nxh3 26. dxe5 Qe7 27. e6 Rf4 28. Qd5 N3g5 29. Nxg5 Nxg5 30. Rbe1 Qe8 31. Kg1 Qh5 32. e7 Re8 33. f3 Rh4 34. Kf2 Rxe7 35. Nf5 Rf7 36. Nxh4 Qxh4+ 37. Ke2 Re7+ 38. Kd2 Qg3 39. Rxe7 Qxg2+ 40. Ke1 Qc2 41. Re8+ Kh7 42. Qf5+ Qxf5 43. Re2 Qb1+ 44. Kf2 Qd3 45. f4 Qf5 46. Ke3 Ne6 47. Rf3 Nxf4 48. Kf2 Qe5 49. Rxe5 dxe5 50. Re3 Ng6 51. Kf3 Kg8 52. Rd3 Kf7 53. Rd7+ Kf6 54. Rxc7 Nh4+ 55. Kg4 Nf5 56. Rxb7 Ne3+ 57. Kf3 Nd5 58. Rb6+ Kf5 59. Rxa6 e4+ 60. Kf2 Kf4 61. Rd6 e3+ 62. Ke1 Nxc3 63. a6 Ne4 64. Rd8 Kf3 65. a7 Nf2 66. a8=Q+ 1-0


[Site "https://www.chess.com"]